 Dungeon Crawl Stone Soup version 0.31.0-9-g3a7656b989 (webtiles) character file.

Game seed: 3185877695108506621

89 qw the Shooter (level 4, -1/22 HPs)
             Began as a Spriggan Hunter on Feb 2, 2024.
             Frozen to death by an endoplasm (2 damage)
             ... on level 2 of the Dungeon.
             The game lasted 00:00:04 (1124 turns).

qw the Shooter (Spriggan Hunter)                    Turns: 1124, Time: 00:00:04

Health: -1/22      AC:  2    Str:  7    XL:     4   Next: 31%
Magic:  5/5        EV: 19    Int: 10    God:
Gold:   148        SH:  0    Dex: 20    Spells: 3/3 levels left

rFire   . . .        a - +0 shortbow
rCold   . . .        (shield currently unavailable)
rNeg    . . .        c - +0 robe
rPois   .            (helmet restricted)
rElec   .            (no cloak)
rCorr   .            (gloves unavailable)
SInv    +            (boots unavailable)
Will    .....        (no amulet)
Stlth   ++           (no ring)
HPRegen 0.23/turn    (no ring)
MPRegen 0.09/turn

%: no passive effects
@: lethally poisoned (-1 -> -7), very quick
A: very small, no large weapons, unfitting armour, see invisible, speed 3
a: no special abilities


You were on level 2 of the Dungeon.
You visited 1 branch of the dungeon, and saw 2 of its levels.

You collected 148 gold pieces.


Innate Abilities, Weirdness & Mutations

You are very small and have problems with some larger weapons.
You are too small for most types of armour.
You have supernaturally acute eyesight. (SInv)
You cover ground extremely quickly. (Speed+++)


   Skills:
 - Level 1.5 Fighting
 - Level 5.3 Ranged Weapons
 + Level 4.1 Dodging
 - Level 1.5 Stealth


You had 3 spell levels left.
You didn't know any spells.
Your spell library was empty.

Inventory:

Hand Weapons
 a - a +0 shortbow (weapon)
Armour
 c - a +0 robe (worn)
Scrolls
 b - a scroll of identify

Dungeon Overview and Level Annotations

Branches:
Dungeon (2/15)

Altars:


Message History

You now have 142 gold pieces (gained 11).
There is a faded altar of an unknown god here.
You now have 148 gold pieces (gained 6).
A bat comes into view.
The bat moves out of view.
An adder and an endoplasm come into view.
The adder hisses angrily.
The endoplasm quivers.
You shoot an arrow.
The arrow hits the bat but does no damage.
The bat barely misses you. x2
You shoot an arrow. The arrow hits the bat!
You kill the bat!
You shoot an arrow. The arrow barely misses the endoplasm.
The endoplasm misses you.
You shoot an arrow. The arrow misses the adder.
The adder completely misses you. The endoplasm misses you.
You shoot an arrow. The arrow barely misses the adder.
The adder misses you. The endoplasm closely misses you. The adder misses you.
You shoot an arrow. The arrow misses the adder.
An adder comes into view.
The endoplasm freezes you.
You are frozen.
The adder barely misses you.
You shoot an arrow. The arrow closely misses the adder.
The adder hisses angrily.
The adder bites you. The endoplasm completely misses you.
You shoot an arrow. The arrow hits the adder!
The adder is almost dead.
The adder bites you but does no damage. The endoplasm freezes you.
You are frozen.
The adder misses you.
You shoot an arrow. The arrow misses the adder.
The endoplasm closely misses you. The adder bites you.
You shoot an arrow. The arrow misses the adder.
The adder bites you.
You are lethally poisoned!
The adder poisons you! The adder bites you. The endoplasm freezes you.
You are frozen.
You die...

..........#
####..^...#
##.._..#
#.....#
###..## #.##
#.# #S# #@#
......S.J....#
#.......####.#
#.#######


You could see 2 adders and an endoplasm.

Vanquished Creatures
  A bombardier beetle (D:2)
  An adder (D:2)
  2 dart slugs
  A ribbon worm (D:2)
  4 endoplasms
  2 goblins (D:1)
  5 hobgoblins
  6 jackals
  4 kobolds
  5 quokkas
  A ball python (D:1)
  3 bats
  2 frilled lizards
  3 rats (D:1)
40 creatures vanquished.

Notes
Turn   | Place    | Note
-------+----------+-------------------------------------------
     0 | D:1      | qw the Spriggan Hunter began the quest for the Orb.
     0 | D:1      | Reached XP level 1. HP: 10/10 MP: 2/2
     0 | D:1      | 0 ||| qw: Version: 0.3-a-155-g5e7d8dd
     0 | D:1      | 0 ||| qw: Game counter: 2692
     0 | D:1      | 0 ||| qw: Melee chars always use a shield: true
     0 | D:1      | 0 ||| qw: God list: Okawaru
     0 | D:1      | 0 ||| qw: Allow faded altars: false
     0 | D:1      | 0 ||| qw: Do Orc after clearing Dungeon:15 true
     0 | D:1      | 0 ||| qw: Do second Lair branch before Depths: true
     0 | D:1      | 0 ||| qw: Lair rune preference: random
     0 | D:1      | 0 ||| qw: Goals: Normal
     0 | D:1      | 0 ||| PLANNING D:1-11
    28 | D:1      | Reached skill level 3 in Dodging
    69 | D:1      | Reached XP level 2. HP: 11/14 MP: 3/3
   472 | D:1      | Reached XP level 3. HP: 18/18 MP: 4/4
   754 | D:1      | 754 ||| READING scroll labelled OQOMPE NYIM.
   754 | D:1      | 754 ||| ENCHANTING +0 shortbow.
   755 | D:1      | 755 ||| READING scroll labelled ZOBBONT MAIPIU.
   756 | D:1      | 756 ||| READING scroll labelled MYILIPOINK.
   857 | D:1      | 857 ||| READING 2 scrolls labelled DIOPSA REURITT.
   858 | D:1      | 858 ||| READING scroll labelled ZUNAT GYISAF.
   858 | D:1      | 858 ||| IDENTIFYING inky potion
   859 | D:1      | 859 ||| DRINKING 2 brown potions.
   860 | D:1      | 860 ||| DROPPING scroll of butterflies.
   861 | D:1      | 861 ||| DROPPING potion of brilliance.
   862 | D:1      | 862 ||| DROPPING potion of attraction.
   863 | D:1      | 863 ||| DROPPING scroll of poison.
   865 | D:1      | 865 ||| Stepping ~*~*~tactically~*~*~ (cloud).
   870 | D:1      | HP: 4/18 [poisoned by you (poison gas)]
  1057 | D:2      | Reached skill level 5 in Ranged Weapons
  1057 | D:2      | Reached XP level 4. HP: 22/22 MP: 5/5
  1098 | D:2      | Found a faded altar of an unknown god.
  1124 | D:2      | HP: 5/22 [adder (3)]
  1124 | D:2      | HP: 1/22 [adder (4)]
  1124 | D:2      | Frozen to death by an endoplasm

Levels and vault maps discovered:
D:1:      amcnicky_arrival_blooded_trapdoor, layout_loops_ring,
          minmay_misc_feat_columns, minmay_octomino_c4
D:2:      layout_loops_ring, ebering_ecumenical_altar_webs, uniq_terence

Skill      XL: |  1  2  3 |
---------------+----------+-----
Dodging        | 3 4 |  4.1
Ranged Weapons | 5 |  5.3
Fighting       | |  1.5
Stealth        | |  1.5

Action                     |  1- 3 |  4- 6 || total
---------------------------+-------+-------++-------
   Fire: Shortbow          |   123 |    11 ||   134
    Use: Scroll            |     5 |       ||     5
         Potion            |     1 |       ||     1
 Armour: Robe              |    20 |     5 ||    25
  Dodge: Dodged            |    85 |    12 ||    97

Table legend:
 A = Non-vault XP
 B = Vault XP
 C = Vault XP percentage of total XP
 D = Non-vault monster count
 E = Vault monster count
 F = Vault count percentage of total count
                 A         B        C        D         E       F
            +---------+---------+-------+---------+---------+-------
      Total |     114 |      14 |  10.9 |      34 |       6 |  15.0
            +---------+---------+-------+---------+---------+-------
        D:1 |      33 |      14 |  29.8 |      20 |       6 |  23.1
        D:2 |      81 |       0 |   0.0 |      14 |       0 |   0.0
            +---------+---------+-------+---------+---------+-------
